Map: Acropolis LE

Players

pHARM

  • Race: Zerg Zerg
  • League: Platinum
  • Spawn Location: 5:00

Oasis - Winner!

  • Race: Terran Terran
  • League: Platinum
  • Spawn Location: 11:00

VOD

Have the link to the VOD?

Description

Time

  • Played on: Aug. 4, 2019, 10:19 p.m.
  • Length: 11:11
Show
View Real Time Build Order
Export as new Build Order

pHARM Zerg 

Build Orders: Hatch First, Roach Hydra 

Get SALT Encoding   

  12  0:01  Drone  
  13  0:14  Overlord  
  13  0:16  Drone  
  14  0:33  Drone x2  
  16  0:47  Drone  
  17  0:57  Hatchery  
  16  1:09  Drone x2  
  18  1:13  Drone  
  19  1:25  Spawning Pool  
  18  1:26  Drone  
  19  1:35  Drone  
  20  1:53  Overlord  
  20  1:57  Extractor  
  20  1:58  Drone  
  20  2:12  Queen x2  
  20  2:14  Zergling x4  
  26  2:20  Drone  
  27  2:26  Drone  
  27  2:27  Drone  
  29  2:36  Drone x2  
  31  2:50  Drone  
  31  2:51  Drone  
  33  2:57  Drone  
  33  2:58  Drone  
  35  3:17  Lair  
  35  3:29  Drone  
  35  3:30  Overlord x2  
  36  3:45  Overlord x2  
  36  3:48  Hatchery  
  36  3:53  Drone  
  36  3:54  Drone x7  
  43  3:59  Queen  
  45  4:07  Evolution Chamber  
  44  4:13  Roach Warren  
  43  4:20  Evolution Chamber, Drone x6  
  48  4:24  Extractor  
  48  4:25  Extractor  
  46  4:55  Glial Reconstitution  
  46  5:07  Drone x2  
  46  5:08  Drone x2  
  46  5:14  Overlord x2  
  49  5:25  Spore Crawler  
  48  5:29  Spore Crawler  
  45  5:42  Queen  
  45  5:43  Queen x2  
  45  5:48  Spore Crawler  
  47  5:51  Spore Crawler  
  47  5:52  Spore Crawler  
  43  6:16  Spore Crawler  
  42  6:18  Queen x2  
  46  6:31  Extractor x2  
  46  6:32  Roach x15  
  74  6:37  Zerg Ground Armor Level 1, Zerg Missile Weapons Level 1  
  74  6:54  Hydralisk Den  
  74  6:58  Drone  
  74  6:59  Drone x5  
  79  7:19  Extractor  
  79  7:22  Spore Crawler  
  77  7:29  Drone x4  
  81  7:30  Overlord x4  
  81  7:42  Overlord x3  
  81  7:44  Grooved Spines  
  81  7:56  Overlord  
  77  8:29  Drone x3  
  77  8:30  Drone x11  
  91  8:48  Spore Crawler x2  
  89  8:50  Spore Crawler, Extractor  
  89  8:52  Spine Crawler, Extractor  
  89  8:53  Spine Crawler  
  84  8:55  Muscular Augments  
  84  9:06  Hydralisk  
  84  9:07  Hydralisk x6  
  84  9:08  Spire, Overlord  
  97  9:41  Drone  
  97  9:42  Drone x3  
  101  9:47  Drone x2  
  101  9:52  Hydralisk x7  
  118  10:05  Hydralisk  
  118  10:07  Overlord  
  119  10:17  Hydralisk x4  
  123  10:26  Hydralisk  
  123  10:27  Hydralisk x2  
  90  10:38  Roach x2  
Show
View Real Time Build Order
Export as new Build Order

Oasis Terran - Winner!

Build Orders:  

Get SALT Encoding   

  12  0:01  SCV  
  13  0:13  SCV  
  14  0:19  Supply Depot  
  14  0:25  SCV  
  15  0:32  Refinery  
  15  0:40  SCV  
  16  0:46  Barracks  
  16  0:52  SCV  
  17  0:59  Refinery  
  17  1:05  SCV  
  18  1:17  SCV  
  19  1:29  SCV  
  20  1:41  Factory  
  20  1:45  SCV  
  21  1:57  SCV  
  22  2:04  Command Center  
  22  2:14  Orbital Command  
  22  2:23  Supply Depot  
  22  2:29  Factory Tech Lab  
  22  2:41  Marine  
  23  2:45  SCV  
  23  2:49  Starport  
  23  3:02  Siege Tank  
  23  3:04  SCV  
  27  3:16  SCV  
  28  3:28  SCV  
  28  3:29  Engineering Bay  
  28  3:30  Fusion Core  
  28  3:31  Starport Tech Lab  
  29  3:39  Refinery  
  29  3:40  SCV  
  30  3:43  Barracks Tech Lab  
  30  3:53  SCV  
  31  4:05  SCV  
  31  4:09  SCV  
  33  4:10  Engineering Bay  
  33  4:16  Battlecruiser  
  39  4:21  SCV  
  39  4:22  SCV  
  39  4:23  Supply Depot  
  41  4:33  Weapon Refit  
  41  4:36  SCV  
  42  4:40  Refinery  
  42  4:48  SCV  
  42  4:49  Barracks  
  42  4:51  Terran Infantry Weapons Level 1  
  43  4:53  SCV  
  43  4:59  Terran Infantry Armor Level 1  
  44  5:00  SCV  
  45  5:10  Armory  
  45  5:12  SCV  
  46  5:15  Supply Depot  
  46  5:17  SCV  
  47  5:29  SCV  
  48  5:39  SCV  
  48  5:41  SCV  
  50  5:49  Battlecruiser  
  56  5:51  Barracks Reactor  
  56  5:53  Siege Tank, Marine  
  56  5:55  SCV  
  61  6:03  SCV  
  62  6:06  Supply Depot  
  62  6:12  Starport  
  62  6:27  Siege Tank, SCV x2, Marine  
  62  6:34  Marine  
  63  6:40  Orbital Command  
  63  6:45  Marine  
  64  6:49  Starport Reactor  
  64  6:50  Supply Depot  
  64  6:54  Marine x2  
  64  6:59  Siege Tank  
  69  7:03  Marine  
  69  7:05  Barracks  
  70  7:11  SCV, Medivac  
  70  7:13  Terran Infantry Weapons Level 2  
  73  7:17  Stimpack, Supply Depot  
  73  7:18  Marine  
  74  7:24  SCV  
  75  7:32  Siege Tank, Terran Infantry Armor Level 2  
  78  7:38  Marine x2  
  78  7:39  SCV  
  78  7:44  Marine  
  82  7:52  Medivac  
  82  7:53  SCV, Supply Depot  
  82  7:56  Marine  
  86  8:11  Barracks Reactor  
  86  8:15  Siege Tank, SCV x2, Marine, Medivac  
  94  8:33  Supply Depot  
  94  8:36  Supply Depot  
  94  8:54  SCV, Marine x3, Medivac x2  
  102  8:57  Siege Tank  
  102  8:59  Marine x2  
  102  9:01  Medivac  
  109  9:07  Factory, SCV  
  110  9:17  Combat Shield  
  110  9:22  Marine x5, Supply Depot  
  110  9:23  SCV x2, Supply Depot  
  117  9:24  Medivac  
  117  9:29  Siege Tank  
  122  9:35  SCV  
  123  9:40  Marine x4  
  127  9:58  Marine x3  
  127  10:07  Siege Tank, Marine x2  
  130  10:08  Medivac x2  
  136  10:16  Marine x3  
  139  10:22  SCV  
  139  10:23  Viking  
  139  10:24  SCV  
  139  10:25  Marine  
  133  10:33  Marine  
  133  10:34  Marine x2  
  126  10:38  Viking x2  
  129  10:46  Command Center  
  129  10:49  Marine x2  
  134  10:51  Marine x3  
Tags
 
Composition
Roach Hydra
Matchup
TvZ
Replay Pack
10.7.19
Spawn Locations
Cross Positions
Add a new tag
Caveats
  • Supply blocks, unpowered buildings, or Contaminate may cause inaccurate times.
  • Supply counts are checked every 10 seconds.